Map: Dusk Towers

Players

CheeseLegs

  • Race: Zerg Zerg
  • League: Master

Miszu - Winner!

  • Race: Terran Terran
  • League: Master

VOD

Have the link to the VOD?

Description

Time

  • Played on: April 25, 2016, 5:42 p.m.
  • Length: 10:58
Show
View Real Time Build Order
Export as new Build Order

CheeseLegs Zerg 

Build Orders: Hatch First, Muta Ling Bane 

Get SALT Encoding   

  12  0:01  Drone  
  13  0:12  Overlord  
  13  0:17  Drone  
  14  0:30  Drone x2  
  14  0:35  Drone  
  17  0:52  Hatchery  
  17  0:55  Drone  
  17  0:58  Drone  
  18  1:10  Extractor  
  17  1:14  Spawning Pool  
  17  1:17  Drone  
  17  1:20  Drone  
  18  1:28  Drone  
  19  1:38  Drone  
  20  1:52  Hatchery  
  19  2:01  Queen  
  21  2:02  Zergling x2  
  21  2:05  Zergling x2  
  23  2:11  Metabolic Boost  
  23  2:17  Drone  
  23  2:18  Drone  
  26  2:22  Drone  
  26  2:24  Drone  
  26  2:29  Drone  
  28  2:36  Overlord  
  28  2:54  Queen x2  
  32  3:03  Queen  
  35  3:05  Drone x2  
  35  3:06  Drone x2  
  35  3:07  Drone  
  35  3:11  Overlord  
  39  3:26  Baneling Nest  
  38  3:43  Drone x5  
  38  3:44  Drone x4  
  47  3:51  Overlord  
  47  3:52  Overlord  
  47  3:53  Drone x2  
  49  4:02  Extractor, Lair  
  49  4:07  Extractor  
  49  4:09  Extractor  
  46  4:13  Overlord x2  
  46  4:14  Zergling x8  
  46  4:15  Zergling x2  
  51  4:23  Zergling x10  
  56  4:32  Drone  
  56  4:33  Drone x4  
  56  4:37  Spore Crawler  
  60  4:41  Spore Crawler  
  59  4:48  Drone  
  59  4:49  Drone  
  59  4:50  Drone x3  
  59  4:52  Drone x2  
  66  4:56  Spore Crawler  
  65  5:05  Spire  
  64  5:08  Drone  
  64  5:09  Drone x5  
  70  5:25  Evolution Chamber  
  69  5:33  Drone x3  
  69  5:35  Drone x2  
  74  5:37  Overlord x4  
  74  5:41  Overlord x3  
  74  6:07  Zerg Ground Armor Level 1  
  74  6:09  Drone x3  
  74  6:10  Drone  
  74  6:11  Drone x3  
  81  6:12  Evolution Chamber  
  77  6:28  Drone  
  77  6:29  Drone x2, Mutalisk x6  
  92  6:35  Extractor x2  
  92  6:38  Hatchery  
  89  6:45  Zerg Flyer Armor Level 1  
  89  6:49  Zerg Melee Weapons Level 1  
  89  6:50  Drone x3  
  89  6:51  Drone x3  
  95  6:57  Drone x2  
  97  7:02  Centrifical Hooks  
  97  7:10  Zergling x18  
  97  7:11  Zergling x6  
  109  7:26  Zergling x6  
  109  7:27  Overseer  
  109  7:29  Overseer  
  112  7:31  Baneling  
  112  7:32  Baneling x11  
  112  7:36  Hatchery  
  111  7:43  Zergling x12  
  117  7:50  Baneling x12  
  117  7:56  Zergling x20  
  108  8:23  Drone x3  
  108  8:24  Drone x3  
  114  8:29  Baneling x22  
  114  8:30  Baneling x4  
  114  8:31  Zergling x2  
  114  8:32  Zergling x20  
  125  8:54  Zergling x26  
  138  9:06  Extractor  
  138  9:08  Spore Crawler  
  138  9:09  Extractor  
  115  9:22  Baneling x5  
  115  9:23  Zergling x2, Baneling x10  
  115  9:24  Zergling x36  
  123  9:31  Infestation Pit  
  129  9:34  Drone  
  106  9:53  Zergling x28  
  120  10:03  Zergling x2  
  120  10:04  Zergling x10  
  120  10:06  Baneling x17  
  126  10:11  Hatchery  
Show
View Real Time Build Order
Export as new Build Order

Miszu Terran - Winner!

Build Orders: Liberator Opening, MMM Bio 

Get SALT Encoding   

  12  0:01  SCV  
  13  0:13  SCV  
  14  0:18  Supply Depot  
  14  0:25  SCV  
  15  0:39  SCV  
  16  0:43  Barracks  
  16  0:45  Refinery  
  16  0:51  SCV  
  17  1:03  SCV  
  18  1:15  SCV  
  19  1:28  SCV  
  19  1:31  Reaper  
  21  1:40  Orbital Command  
  21  1:44  Command Center  
  21  1:53  Supply Depot  
  21  2:09  SCV  
  21  2:11  Marine  
  23  2:18  Factory  
  23  2:21  SCV  
  24  2:30  Barracks Reactor  
  24  2:33  SCV  
  25  2:40  Refinery  
  25  2:45  SCV  
  25  2:47  Command Center  
  26  2:57  SCV  
  27  3:00  Orbital Command  
  27  3:09  SCV  
  27  3:10  Barracks  
  27  3:12  Starport  
  28  3:21  SCV  
  29  3:28  SCV  
  29  3:30  Factory Tech Lab  
  29  3:32  Liberator  
  29  3:34  Marine x2, SCV  
  31  3:39  Supply Depot  
  31  3:40  SCV  
  33  3:46  SCV  
  34  3:53  SCV  
  38  3:58  SCV, Orbital Command  
  39  4:05  SCV  
  40  4:10  Engineering Bay x2, SCV  
  40  4:15  Liberator  
  40  4:16  Marine x2  
  43  4:17  SCV  
  43  4:22  SCV  
  45  4:28  Orbital Command  
  45  4:29  SCV  
  46  4:35  Barracks, SCV  
  46  4:37  Refinery x2, Barracks  
  50  4:40  Terran Infantry Armor Level 1  
  50  4:41  Terran Infantry Weapons Level 1  
  50  4:42  SCV  
  51  4:47  SCV  
  52  4:54  SCV x2  
  52  4:59  SCV  
  55  5:04  Siege Tank  
  55  5:06  SCV  
  59  5:09  SCV  
  59  5:11  Barracks, SCV  
  59  5:13  Barracks  
  61  5:16  Starport Reactor  
  61  5:18  Supply Depot x2  
  61  5:22  SCV  
  61  5:23  SCV  
  61  5:24  Marine  
  61  5:28  Barracks Tech Lab x2  
  64  5:29  Marine  
  64  5:30  SCV  
  64  5:34  SCV  
  64  5:35  SCV  
  68  5:36  Supply Depot  
  68  5:37  Supply Depot  
  68  5:42  Marine, Siege Tank  
  72  5:43  SCV  
  72  5:46  SCV  
  72  5:47  Marine  
  75  5:51  SCV  
  75  5:55  SCV  
  75  5:57  Marine x2, Combat Shields  
  77  5:58  Medivac, Stimpack, SCV  
  77  5:59  Barracks Reactor  
  77  6:00  Barracks Reactor  
  77  6:03  SCV  
  83  6:07  Refinery, SCV  
  83  6:08  Supply Depot  
  83  6:09  Marine  
  83  6:11  Supply Depot, SCV  
  86  6:12  Armory  
  86  6:17  SCV  
  87  6:19  SCV  
  87  6:23  SCV  
  87  6:24  Supply Depot, Marine x2  
  87  6:25  Marine  
  92  6:29  SCV  
  92  6:31  SCV  
  92  6:32  Supply Depot, Medivac x2  
  95  6:35  Reaper  
  95  6:37  SCV  
  97  6:41  SCV  
  97  6:42  Barracks  
  97  6:44  Barracks, SCV  
  97  6:46  Marine  
  100  6:47  Marine x5  
  100  6:49  SCV  
  100  6:53  SCV  
  107  6:55  Factory Reactor  
  107  6:56  SCV  
  107  6:58  Missile Turret  
  107  6:59  Missile Turret  
  107  7:01  SCV, Missile Turret  
  109  7:05  SCV  
  109  7:07  Supply Depot x2, Marine x2, Marauder  
  109  7:08  SCV  
  115  7:09  Marine  
  115  7:14  Supply Depot  
  116  7:20  Marine x3, Barracks  
  120  7:23  Terran Infantry Weapons Level 2  
  120  7:25  Terran Infantry Armor Level 2  
  119  7:30  Barracks Tech Lab  
  119  7:31  Supply Depot, Barracks Tech Lab  
  119  7:33  Marine  
  119  7:34  Marine x2, Widow Mine  
  119  7:35  Widow Mine  
  126  7:37  Marine  
  126  7:38  Marine x2  
  126  7:41  Marine x2  
  126  7:42  Medivac  
  133  7:51  Marine x2  
  133  7:52  Marine  
  133  7:54  Medivac  
  133  7:55  Marine  
  133  7:56  Marine x2  
  141  7:59  Marine  
  141  8:00  Marine  
  141  8:02  Widow Mine  
  141  8:04  Hellion, Marauder x2  
  151  8:09  Marine x3  
  149  8:13  Marine  
  149  8:14  Marine  
  149  8:17  Marine  
  149  8:18  Marine, Marauder  
  128  8:24  Marine  
  128  8:25  Marine, Widow Mine  
  129  8:27  Marine x3  
  129  8:30  Barracks Tech Lab  
  129  8:31  Marine x2  
  129  8:33  Widow Mine  
  135  8:34  Command Center  
  135  8:35  Marine, Medivac  
  135  8:36  Marauder  
  135  8:39  Marauder  
  135  8:40  Supply Depot  
  135  8:41  Supply Depot  
  142  8:42  Marine  
  142  8:45  Marauder  
  142  8:48  Marine x3  
  147  8:50  Marauder  
  147  8:53  Marine, Widow Mine  
  147  8:54  Medivac  
  155  8:58  Marauder  
  155  9:01  Marine x2  
  155  9:02  Marauder x2  
  163  9:05  Marine  
  163  9:06  Marine, Marauder  
  163  9:07  Supply Depot x2  
  165  9:10  Supply Depot  
  165  9:11  Marauder  
  146  9:17  SCV  
  146  9:19  Marine, Marauder  
  146  9:20  Medivac  
  146  9:21  Marine, Widow Mine  
  146  9:22  Widow Mine  
  146  9:23  Marauder x2  
  80  9:24  Medivac  
  152  9:28  Factory, Marine, Marauder  
  152  9:30  Marine x2  
  152  9:31  Marine  
  160  9:32  Marine  
  160  9:37  Marine  
  162  9:39  Marine  
  150  9:46  Marauder  
  150  9:50  Medivac, Widow Mine  
  150  9:51  Marine  
  150  9:52  Marine x7  
  154  9:53  Hellion  
  154  9:54  Marine, Medivac  
  154  9:57  Marine  
  160  10:07  Marine  
  160  10:09  Marine  
  160  10:10  Marine x2, Marauder  
  160  10:13  Widow Mine  
  166  10:18  Widow Mine  
  166  10:19  Marauder x3  
  166  10:20  Medivac  
  178  10:21  Factory Tech Lab  
  178  10:22  Missile Turret  
  178  10:24  Medivac  
  178  10:26  Marine  
  176  10:40  Marine  
Tags
 
Add a new tag
Caveats
  • Supply blocks, unpowered buildings, or Contaminate may cause inaccurate times.
  • Supply counts are checked every 10 seconds.